 Dungeon Sprint DCSS version 0.31.0-12-g77e489cdc1 (webtiles) character file.

Game seed: 4718115412514957402

2625 Heoruswealwe the Impaler (level 9, 0/93 HPs)
             Began as a Minotaur Fighter on Feb 23, 2024.
             Was an Initiate of Gozag.
             Killed from afar by an efreet (22 damage)
             ... with a fireball
             ... in the Dungeon (Sprint IX: "|||||||||||||||||||||||||||||").
             The game lasted 00:03:15 (351 turns).

Heoruswealwe the Impaler (Minotaur Fighter)          Turns: 351, Time: 00:03:16

Health: 0/93       AC: 26    Str: 28    XL:     9   Next: 34%
Magic:  8/8        EV:  8    Int:  5    God:    Gozag
Gold:   657        SH:  0    Dex: 10    Spells: 8/8 levels left

rFire   . . .        b - +2 halberd (protect)
rCold   . . .        (shield currently unavailable)
rNeg    . . .        c - +0 plate armour
rPois   .            (helmet restricted)
rElec   .            h - +0 cloak
rCorr   .            (no gloves)
SInv    .            e - +0 pair of boots
Will    .....        (no amulet) Stlth
                     k - +3 ring of strength
HPRegen 0.35/turn    (no ring)
MPRegen 0.11/turn

%: no teleportation
@: gold aura, under a protective aura
A: horns 2, retaliatory headbutt
a: Renounce Religion, Potion Petition, Call Merchant, Bribe Branch


You were in the Dungeon.
You worshipped Gozag.
Gozag was pleased with you.
You visited 1 branch You collected 657 gold pieces.

Inventory:

Hand Weapons
 a - a +0 trident
 b - a +2 halberd of protection (weapon)
Armour
 c - a +0 plate armour (worn)
 d - a +0 buckler
 e - a +0 pair of boots (worn)
 h - a +0 cloak (worn)
Jewellery
 k - a +3 ring of strength (left hand)
Wands
 m - a wand of iceblast (10)
Scrolls
 j - 2 scrolls of blinking
Potions
 f - 2 potions of heal wounds
 g - a potion of haste
 i - a potion of berserk rage
 l - 5 potions of curing
 n - a potion of might


   Skills:
 + Level 13.4 Fighting
 * Level 18.0 Polearms
 + Level 13.4 Armour
 - Level 3.6 Shields


You had 8 spell levels left.
You didn't know any spells.
Your spell library was empty.

Dungeon Overview and Level Annotations

Branches:
Dungeon (1/1)

Altars:
Cheibriados
Dithmenos
Elyvilon
Fedhas
Gozag
Hepliaklqana
Kikubaaqudgha
Makhleb
Nemelex Xobeh
Okawaru
Qazlal
Ru
Sif Muna
Trog
Uskayaw
Vehumet
Wu Jian
Xom
Yredelemnul
Zin
The Shining One
Jiyva
Lugonu


Innate Abilities, Weirdness & Mutations

You have a pair of horns on your head.
You reflexively headbutt those who attack you in melee.


Message History

The tengu warrior is lightly wounded.
Unknown command.
You barely miss the tengu warrior. Your headbutt misses the tengu warrior.
The tengu warrior is lightly wounded.
The efreet hits you with a +3 scimitar of flaming!
The efreet burns you.
The tengu warrior hits you with a +0 halberd!
* * * LOW HITPOINT WARNING * * *
The tengu warrior pecks you but does no damage.
The tengu warrior claws you but does no damage.
You miss the tengu warrior. You headbutt the tengu warrior!
The tengu warrior is heavily wounded.
The efreet hits you with a +3 scimitar of flaming.
* * * LOW HITPOINT WARNING * * *
The efreet burns you.
* * * LOW HITPOINT WARNING * * *
The tengu warrior barely misses you. You furiously retaliate!
You headbutt the tengu warrior!
The tengu warrior pecks you but does no damage.
The tengu warrior closely misses you.
You barely miss the tengu warrior. Your headbutt misses the tengu warrior.
The tengu warrior is severely wounded.
The efreet hits you but does no damage. The tengu warrior barely misses you. x2
The tengu warrior claws you but does no damage.
The manticore is distracted by your dazzling golden aura.
You puncture the tengu warrior!
Your weapon exudes an aura of protection.
The tengu warrior is severely wounded.
You impale the tengu warrior!!
You kill the tengu warrior!
The manticore is no longer distracted by gold.
The efreet hits you but does no damage.
Your Fighting skill increases to level 13!
Your Polearms skill increases to level 18!
Your Armour skill increases to level 13!
You barely miss the efreet. Your headbutt misses the efreet.
The efreet gestures at you.
The fireball explodes!
The fireball engulfs you!!
You die...
Your body crumbles into a pile of gold. ▓▓▓▓▓▓▓▓▓▓▓▓▓▓▓▓▓▓▓▓▓▓▓▓ !?)[=....')....$@RHO...+ ▓▓▓▓▓▓▓▓▓▓▓▓▓▓▓▓▓▓▓▓▓▓▓▓

You could see a two-headed ogre, a manticore and an efreet.

Vanquished Creatures
  A two-headed ogre (D)
  A tengu warrior (D)
  A skeletal warrior (D)
  A troll (D)
  A hornet (D)
  A shadow (D)
  A wyvern (D)
  A centaur (D)
  A scorpion (D)
  2 hounds (D)
  An iguana (D)
  An adder (D)
  2 giant cockroaches (D)
  A goblin (D)
  A frilled lizard (D)
  A rat (D)
18 creatures vanquished.

Vanquished Creatures (others)
  A manticore (D)
1 creature vanquished.

Grand Total: 19 creatures vanquished

Notes
Turn   | Place    | Note
-------+----------+-------------------------------------------
     0 | D        | Heoruswealwe the Minotaur Fighter began the quest for the
                  | Orb.
     0 | D        | Reached XP level 1. HP: 19/19 MP: 0/0
     6 | D        | Reached skill level 3 in Polearms
    25 | D        | Noticed a hound
    25 | D        | Noticed an iguana
    25 | D        | Noticed a scorpion
    25 | D        | Noticed a hound
    33 | D        | Killed a hound
    34 | D        | Reached skill level 5 in Fighting
    34 | D        | Reached skill level 5 in Polearms
    34 | D        | Reached skill level 5 in Armour
    34 | D        | Reached XP level 2. HP: 26/29 MP: 1/1
    34 | D        | Reached XP level 3. HP: 33/36 MP: 2/2
    40 | D        | Reached skill level 6 in Polearms
    45 | D        | Reached skill level 7 in Polearms
    45 | D        | Reached XP level 4. HP: 41/44 MP: 3/3
    46 | D        | Killed a scorpion
    47 | D        | Reached skill level 8 in Polearms
    51 | D        | Reached skill level 9 in Polearms
    51 | D        | Reached XP level 5. HP: 51/52 MP: 4/4
    57 | D        | Found a snail-covered altar of Cheibriados.
    57 | D        | Found a shadowy altar of Dithmenos.
    57 | D        | Found a white marble altar of Elyvilon.
    57 | D        | Found a blossoming altar of Fedhas.
    57 | D        | Found an opulent altar of Gozag.
    58 | D        | Found a hazy altar of Hepliaklqana.
    59 | D        | Found a viscous altar of Jiyva.
    60 | D        | Found an ancient bone altar of Kikubaaqudgha.
    61 | D        | Found a corrupted altar of Lugonu.
    62 | D        | Found a burning altar of Makhleb.
    63 | D        | Found a sparkling altar of Nemelex Xobeh.
    64 | D        | Found an iron altar of Okawaru.
    65 | D        | Became a worshipper of Gozag Ym Sagoz the Greedy
    66 | D        | Found a stormy altar of Qazlal.
    67 | D        | Found a sacrificial altar of Ru.
    68 | D        | Found a shimmering blue altar of Sif Muna.
    69 | D        | Found a bloodstained altar of Trog.
    70 | D        | Found a hide-covered altar of Uskayaw.
    71 | D        | Found a radiant altar of Vehumet.
    72 | D        | Found an ornate altar of the Wu Jian Council.
    73 | D        | Found a shimmering altar of Xom.
    74 | D        | Found a basalt altar of Yredelemnul.
    75 | D        | Found a glowing silver altar of Zin.
    76 | D        | Found a glowing golden altar of the Shining One.
   142 | D        | Noticed a shadow
   142 | D        | Noticed a centaur
   142 | D        | Noticed a wyvern
   142 | D        | Noticed a hornet
   142 | D        | Noticed a troll
   142 | D        | Noticed a two-headed ogre
   147 | D        | Killed a shadow
   148 | D        | Reached skill level 11 in Polearms
   148 | D        | Reached XP level 6. HP: 49/62 MP: 5/5
   152 | D        | Reached skill level 12 in Polearms
   161 | D        | Killed a wyvern
   162 | D        | Reached XP level 7. HP: 51/71 MP: 6/6
   168 | D        | Killed a two-headed ogre
   169 | D        | Reached skill level 15 in Polearms
   169 | D        | Reached XP level 8. HP: 38/82 MP: 7/7
   171 | D        | Killed a hornet
   175 | D        | Killed a troll
   176 | D        | Reached skill level 16 in Polearms
   328 | D        | Noticed a skeletal warrior
   328 | D        | Noticed a tengu warrior
   328 | D        | Noticed an efreet
   328 | D        | Noticed a manticore
   328 | D        | Noticed a manticore
   328 | D        | Noticed a two-headed ogre
   337 | D        | Killed a skeletal warrior
   338 | D        | Reached skill level 17 in Polearms
   338 | D        | Reached XP level 9. HP: 67/92 MP: 8/8
   344 | D        | Killed a manticore
   350 | D        | Killed a tengu warrior
   351 | D        | Reached skill level 18 in Polearms
   351 | D        | Killed from afar by an efreet

Illustrated notes

Levels and vault maps discovered:
D:        linesprint [early_d, line_temple, items_1, d_10, items_2, lair_1,
          lair_end, items_3, orc_1, orc_end, items_4, d_15, swamp_1, shoals_1,
          snake_1, spider_1, d_20, vaults_1, items_5, swamp_end, shoals_end,
          snake_end, spider_end, vaults_end, d_27, items_6, zot_1, zot_end,
          crypt_end, forest_end, elf_end, slime_end, tomb_end, abyss_end,
          pan_hell_end]

Skill      XL: |  1  2  3  4  5  6  7  8  9 |
---------------+----------------------------+-----
Polearms       | 5 7 9 11 12 15 17 18 | 18.0
Fighting       | 5 7 8 9 11 12 13 | 13.4
Armour         | 5 7 8 9 11 12 13 | 13.4
Shields        | |  3.6

Action                     |  1- 3 |  4- 6 |  7- 9 || total
---------------------------+-------+-------+-------++-------
  Melee: Trident           |    32 |     6 |       ||    38
         Headbutt          |     4 |     3 |     4 ||    11
         Halberd           |       |    16 |    33 ||    49
    Use: Potion            |       |       |     1 ||     1
   Stab: Distracted        |       |       |     1 ||     1
 Armour: Scale mail        |    20 |     3 |       ||    23
         Plate armour      |       |    13 |    34 ||    47
  Dodge: Dodged            |     7 |    10 |    13 ||    30
  Block: Buckler           |     9 |     1 |       ||    10
